 Dungeon Crawl Stone Soup version 0.31.0-32-g396128a36d (webtiles) character file.

Game seed: 3921162054940004550

555 Silvore the Cudgeller (level 7, -16/61 HPs)
             Began as a Minotaur Fighter on Mar 29, 2024.
             Killed from afar by a steam dragon (21 damage)
             ... with a ball of steam
             ... on level 7 of the Dungeon.
             The game lasted 00:04:22 (2684 turns).

Silvore the Cudgeller (Minotaur Fighter)            Turns: 2684, Time: 00:04:23

Health: -16/61     AC:  7    Str: 23    XL:     7   Next: 8%
Magic:  6/6        EV: 10    Int: 11    God:
Gold:   161        SH:  5    Dex:  9    Spells: 6/6 levels left

rFire   . . .        t - +10 morningstar "Eos" {elec, Halo rElec}
rCold   . . .        c - +1 buckler
rNeg    . . .        b - +0 scale mail
rPois   .            (helmet restricted)
rElec   +            (no cloak)
rCorr   .            (no gloves)
SInv    .            (no boots)
Will    .....        (no amulet) Stlth
                     n - +6 ring of intelligence
HPRegen 0.30/turn    (no ring)
MPRegen 0.10/turn

%: no passive effects
@: mighty, glowing
A: horns 2, retaliatory headbutt
a: no special abilities


You were on level 7 of the Dungeon.
You visited 1 branch of the dungeon, and saw 7 of its levels.

You collected 161 gold pieces.

Inventory:

Hand Weapons
 t - the +10 morningstar "Eos" (weapon) {elec, Halo rElec}
   (You found it on level 3 of the Dungeon)

   Halo:      It grants its wielder a halo, revealing invisible creatures and
   increasing accuracy against all within it other than the wielder.
   rElec:     It insulates you from electricity.
Armour
 b - a +0 scale mail (worn)
 c - a +1 buckler (worn)
Jewellery
 j - an amulet of the acrobat
 n - a +6 ring of intelligence (left hand)
Wands
 o - a wand of digging (6)
Scrolls
 f - a scroll of revelation
 k - a scroll of immolation
 r - a scroll of teleportation
Potions
 d - a potion of might
 e - 2 potions of brilliance
 h - 2 potions of enlightenment {unknown}
 i - a potion of heal wounds {unknown}
 p - 2 potions of cancellation {unknown}
 q - 3 potions of lignification


   Skills:
 + Level 5.2 Fighting
 + Level 6.2 Maces & Flails
 + Level 5.6 Armour
 + Level 1.3 Dodging
 + Level 0.7 Stealth
 + Level 4.7 Shields


You had 6 spell levels left.
You didn't know any spells.
Your spell library contained the following spells:

 Spells                   Type           Power      Damage    Failure   Level
 Freeze                   Ice            0%         1d3       69%         1
 Slow                     Hex            0%         N/A       69%         1
 Sublimation of Blood     Necr           0%         N/A       83%         2
 Confusing Touch          Hex            0%         N/A       96%         3
 Frozen Ramparts          Ice            0%         1d1       96%         3
 Hailstorm                Conj/Ice       0%         3d5       96%         3
 Sigil of Binding         Hex            0%         N/A       96%         3
 Vampiric Draining        Necr           0%         2d6       96%         3
 Petrify                  Alch/Erth      0%         N/A       100%        4
 Irradiate                Conj/Alch      0%         3d11      100%        5
 Conjure Ball Lightning   Conj/Air       0%         3x3d6     100%        6
 Discord                  Hex            0%         N/A       100%        8
 Disjunction              Tloc           0%         N/A       100%        8


Dungeon Overview and Level Annotations

Branches:
Dungeon (8/15)
 Temple: D:4-7         Lair: D:8-11

Altars:
Okawaru
Trog


Innate Abilities, Weirdness & Mutations

You have a pair of horns on your head.
You reflexively headbutt those who attack you in melee.


Message History

You are engulfed in a cloud of scalding steam.
You block the steam dragon's attack. The steam dragon barely misses you.
You barely miss the steam dragon. Your headbutt misses the steam dragon.
The steam dragon is moderately wounded.
You are engulfed in a cloud of scalding steam.
The steam dragon bites you but does no damage.
You block the steam dragon's attack.
You puncture the steam dragon!
The steam dragon is severely wounded.
A bullfrog comes into view.
The steam dragon breathes steam at you. The ball of steam hits you!
* * * LOW HITPOINT WARNING * * *
The steam dragon closely misses you. You furiously retaliate!
You headbutt the steam dragon. You block the steam dragon's attack.
Found a blackened fluorescent wand.
The steam dragon closely misses you. The steam dragon claws you.
* * * LOW HITPOINT WARNING * * *
The bullfrog attacks as it pursues you! You block the bullfrog's attack.
You feel very mighty all of a sudden. You block the bullfrog's attack.
The bullfrog closely misses you. You furiously retaliate!
You headbutt the bullfrog!
The steam dragon bites you but does no damage.
The steam dragon claws you.
* * * LOW HITPOINT WARNING * * *
You impale the steam dragon!!
Lightning courses through the steam dragon!
You kill the steam dragon!
You block the bullfrog's attack. The bullfrog hits you.
* * * LOW HITPOINT WARNING * * *
Your Fighting skill increases to level 5!
Your Maces & Flails skill increases to level 6!
You puncture the bullfrog!
You kill the bullfrog!
You have reached level 7!
You start resting.
A steam dragon comes into view.
The steam dragon breathes steam at you. The ball of steam hits you!!
You die...

#####≈≈≈.#
#§§≈≈≈≈§.#
#≈≈§§≈≈§.# #
≈§≈§≈§§§#
/###§≈§≈§.#
..##≈≈≈..#
#.##≈§.#
≈#####.##..#
≈§≈≈≈##D@.##
.≈≈≈≈§...##
........##
######..#
#.## #.# #.#
#.#####.##
.........#


You could see a steam dragon (catching breath).

Vanquished Creatures
  A steam dragon (D:7)
  A bullfrog (D:7)
  3 scorpions (D:4)
  A hound (D:5)
  A jelly (D:4)
  4 adders
  A white imp (D:8)
  A dart slug (D:1)
  2 ribbon worms
  5 ball pythons
  4 bats
  7 endoplasms
  3 giant cockroaches
  4 goblins
  12 hobgoblins
  4 jackals (D:1)
  4 kobolds
  A quokka (D:4)
  6 frilled lizards
  6 rats
71 creatures vanquished.

Notes
Turn   | Place    | Note
-------+----------+-------------------------------------------
     0 | D:1      | Silvore the Minotaur Fighter began the quest for the Orb.
     0 | D:1      | Reached XP level 1. HP: 19/19 MP: 0/0
    71 | D:1      | Reached XP level 2. HP: 27/27 MP: 1/1
   551 | D:1      | Reached XP level 3. HP: 33/33 MP: 2/2
   603 | D:1      | Found a faded altar of an unknown god.
  1313 | D:3      | Reached skill level 3 in Maces & Flails
  1382 | D:3      | Found an iron altar of Okawaru.
  1549 | D:3      | Found a bloodstained altar of Trog.
  1641 | D:3      | Found the +10 morningstar "Eos" {elec, Halo rElec}
  1692 | D:3      | Reached XP level 4. HP: 40/40 MP: 3/3
  2102 | D:4      | Noticed a scorpion
  2102 | D:4      | Noticed a scorpion
  2108 | D:4      | Killed a scorpion
  2109 | D:4      | Reached skill level 4 in Maces & Flails
  2109 | D:4      | Reached skill level 1 in Dodging
  2109 | D:4      | Reached XP level 5. HP: 45/47 MP: 4/4
  2197 | D:4      | Reached skill level 5 in Armour
  2231 | D:4      | Reached skill level 5 in Maces & Flails
  2231 | D:4      | Reached XP level 6. HP: 53/53 MP: 5/5
  2602 | D:5      | Entered Level 5 of the Dungeon
  2617 | D:5      | You fall into a shaft and drop 3 floors!
  2666 | D:7      | Noticed a steam dragon
  2677 | D:7      | Killed a steam dragon
  2678 | D:7      | Reached skill level 5 in Fighting
  2678 | D:7      | Reached skill level 6 in Maces & Flails
  2679 | D:7      | Reached XP level 7. HP: 3/61 MP: 6/6
  2683 | D:7      | Noticed a steam dragon
  2684 | D:7      | Killed from afar by a steam dragon

Illustrated notes

Levels and vault maps discovered:
D:1:      dpeg_cavernosity, layout_rooms,
          shapermc_ecumenical_altar_mp_highgroup, minmay_distorted
D:2:      layout_basic, minmay_tetromino_i4
D:3:      layout_basic, mainiacjoe_overflow_surrounded_room,
          kennysheep_okawaru_gauntlet
D:4:      layout_basic
D:5:      minmay_goblin_kobold_castle, layout_loops_ring,
          nicolae_qazlal_beasts_of_the_sky
D:7:      layout_loops_corners, serial_shops, shop, hex_tiny,
          grunt_decor_junction, chequers_mini_garden
D:8:      layout_rooms, mainiacjoe_overflow_tiny_flanked,
          kennysheep_generic_room_12, uniq_maggie

Skill      XL: |  1  2  3  4  5  6 |
---------------+-------------------+-----
Shields        | 4 |  4.7
Armour         | 4 5 |  5.6
Fighting       | 4 5 |  5.2
Maces & Flails | 3 4 5 6 |  6.2
Dodging        | 1 |  1.3
Stealth        | |  0.7

Action                     |  1- 3 |  4- 6 |  7- 9 || total
---------------------------+-------+-------+-------++-------
  Melee: Flail             |    85 |       |       ||    85
         Headbutt          |    15 |     1 |       ||    16
         Morningstar       |     2 |    32 |       ||    34
    Use: Scroll            |       |    11 |       ||    11
         Potion            |       |     1 |       ||     1
 Armour: Scale mail        |    85 |    23 |     1 ||   109
  Dodge: Dodged            |    45 |    14 |       ||    59
  Block: Buckler           |    18 |     9 |       ||    27
